 Dungeon Crawl Stone Soup version 0.23.2 (webtiles) character file.

Game seed: 9454057171424366733

620 redwoodhats the Grave Robber (level 7, 0/39 HPs)
             Began as a Gargoyle Necromancer on Apr 4, 2019.
             Slain by Menkaure (12 damage)
             ... in an ossuary on Apr 7, 2019.
             The game lasted 00:30:37 (4832 turns).

redwoodhats the Grave Robber (Gargoyle Necromancer) Turns: 4832, Time: 00:30:38

Health: 0/39       AC: 11    Str: 12    XL:     7   Next: 46%
Magic:  22/22      EV: 14    Int: 17    God:
Gold:   168        SH:  0    Dex: 10    Spells: 6/15 levels left

rFire    . . .     SeeInvis .   e - +2 whip (venom)
rCold    . . .     Gourm    .   (no shield)
rNeg     + . .     Faith    .   a - +0 robe
rPois    ∞         Spirit   .   (no helmet)
rElec    +         Reflect  .   q - +0 cloak
rCorr    .         Harm     .   (no gloves)
MR       .....                  j - +1 pair of boots
Stlth    +++.......             (no amulet)
HPRegen  0.53/turn              d - ring of magical power
MPRegen  0.18/turn              l - ring of stealth

@: flying
A: repulsion field 1, iridescent scales 1, negative energy resistance 1,
regeneration 1, electricity resistance, unbreathing, petrification resistance,
rot immunity, AC +4
a: no special abilities


You were in an ossuary.
You were hungry.

You visited 1 branch of the dungeon, and saw 5 of its levels.
You also visited: Ossuary.

You collected 168 gold pieces.

Inventory:

Hand Weapons
 e - a +2 whip of venom (weapon)
Missiles
 b - 16 tomahawks (quivered)
Armour
 a - a +0 robe (worn)
 j - a +1 pair of boots (worn)
 q - a +0 cloak (worn)
Jewellery
 d - a ring of magical power (left hand)
 h - a -3 ring of slaying
 l - a ring of stealth (right hand)
Scrolls
 g - 4 scrolls of teleportation
 i - 2 scrolls of identify
 k - 2 scrolls of amnesia
 m - 2 scrolls of remove curse
Potions
 f - 2 potions of brilliance
 n - a potion of lignification
 o - a potion of mutation
 p - 2 potions of ambrosia
Comestibles
 c - 5 rations


   Skills:
 + Level 1.6 Fighting
 + Level 2.5 Maces & Flails
 + Level 2.1 Dodging
 + Level 3.1 Stealth
 + Level 4.5 Spellcasting
 + Level 5.0 Necromancy


You had 6 spell levels left.
You knew the following spells:

 Your Spells              Type           Power        Failure   Level  Hunger
a - Pain                  Necr           ###.         1%          1    None
b - Animate Skeleton      Necr           N/A          1%          1    None
c - Animate Dead          Necr           N/A          19%         4    ####...
d - Vampiric Draining     Necr           ###.......   5%          3    ###....

Your spell library contained the following spells:

 Spells                   Type           Power        Failure   Level  Hunger
 Regeneration             Chrm/Necr      ##........   16%         3    ###....


Dungeon Overview and Level Annotations

Branches:
Dungeon (5/15)             Temple (0/1) D:5

Altars:
Ashenzari
Dithmenos
Gozag
Wu Jian
Xom
Beogh

Annotations:
D:4 3 runed translucent doors, lapinsky's ghost, amateur HOFi Ossuary Menkaure


Innate Abilities, Weirdness & Mutations

You are resistant to torment.
Your stone body is resilient. (AC +4)
You are immune to poison.
You resist negative energy. (rN+)
You are resistant to electric shocks. (rElec)
You can survive without breathing.
You are immune to petrification.
You are immune to rotting.
You are surrounded by a mild repulsion field. (EV +2)
You are partially covered in iridescent scales. (AC +2)
Your natural rate of healing is unusually fast.


Message History

Menkaure is heavily damaged.
Menkaure calls on the powers of darkness!
Your body is wracked with pain!
You hit Menkaure.
Menkaure is almost destroyed.
Menkaure calls on the powers of darkness!
Your body is wracked with pain!
* * * LOW HITPOINT WARNING * * *
It was a potion of flight.
You feel very buoyant.
You fly up into the air.
Menkaure misses you.
Okay, then.
Okay, then.
You barely miss Menkaure.
Menkaure is almost destroyed.
Menkaure closely misses you.
You hit Menkaure.
Menkaure is almost destroyed.
Menkaure hits you!
You die...

# .!?$?!... #..# #
..!!!.... #..# #
........Z +..# #
.......... #M.#
################ #..#
#....#....#....# #M.#
#....#....#....# +..#
#....#....#....###..#
#....#....#....#@#..#
##'#####'###'###M#..#
.#...#...#...#.MM#..#
##'###'###'###M###..#
....................#
...................∩#
#####################


You could see Menkaure and 3 mummies.

Vanquished Creatures
  An orc warrior (D:3)
  A howler monkey (D:4)
  A centaur zombie (Ossuary)
  A hound (D:5)
  Jessica (D:2)
  Terence (D:3)
  An iguana (D:4)
  3 orc wizards (D:4)
  2 worker ants (D:5)
  4 ogre zombies (Ossuary)
  2 mummies (Ossuary)
  2 adders
  A shadow imp (D:5)
  An ooze (D:2)
  5 adder zombies (Ossuary)
  2 worms
  A dart slug (D:2)
  2 leopard geckos (D:2)
  4 orcs
  A bat (D:1)
  4 giant cockroaches
  2 goblins
  7 hobgoblins
  3 jackals (D:5)
  3 quokkas (D:2)
  3 frilled lizards
  A gnoll zombie (Ossuary)
  3 goblin zombies (Ossuary)
  2 hobgoblin zombies (Ossuary)
  8 kobolds
  5 kobold zombies (Ossuary)
  5 quokka zombies (Ossuary)
  6 rats
  2 rat zombies (Ossuary)
  A bush (D:2)
92 creatures vanquished.

Vanquished Creatures (collateral kills)
  An orc (D:3)
1 creature vanquished.

Grand Total: 93 creatures vanquished

Notes
Turn   | Place    | Note
-------+----------+-------------------------------------------
     0 | D:1      | redwoodhats the Gargoyle Necromancer began the quest for
                  | the Orb.
     0 | D:1      | Reached XP level 1. HP: 10/10 MP: 3/3
   760 | D:1      | Reached XP level 2. HP: 14/15 MP: 1/5
  1681 | D:2      | Learned a level 1 spell: Animate Skeleton
  1761 | D:2      | Reached XP level 3. HP: 16/20 MP: 6/6
  1812 | D:2      | Noticed Jessica
  1816 | D:2      | Killed Jessica
  1993 | D:2      | Reached XP level 4. HP: 5/24 MP: 8/8
  2025 | D:2      | Gained mutation: You are partially covered in iridescent
                  | scales. (AC +2) [potion of mutation]
  2025 | D:2      | Gained mutation: You are surrounded by a mild repulsion
                  | field. (EV +2) [potion of mutation]
  2025 | D:2      | Gained mutation: Your natural rate of healing is unusually
                  | fast. [potion of mutation]
  2335 | D:2      | Found an ornate altar of the Wu Jian Council.
  2346 | D:2      | Found a shadowy altar of Dithmenos.
  2348 | D:2      | Found an opulent altar of Gozag.
  2350 | D:2      | Found a shattered altar of Ashenzari.
  2351 | D:2      | Found a shimmering altar of Xom.
  2675 | D:3      | Reached skill level 4 in Necromancy
  2766 | D:3      | Noticed Terence
  2768 | D:3      | Noticed an orc warrior
  2788 | D:3      | Killed Terence
  3398 | D:3      | Reached skill level 1 in Fighting
  3423 | D:3      | Reached XP level 5. HP: 29/29 MP: 9/9
  3441 | D:3      | Killed an orc warrior
  3862 | D:4      | Learned a level 4 spell: Animate Dead
  3866 | D:4      | Learned a level 3 spell: Vampiric Draining
  3877 | D:4      | Reached XP level 6. HP: 33/34 MP: 11/11
  4073 | D:4      | Identified the +8 hunting sling "Sarcophage" {flame,
                  | *Contam Str+2 Int+5 Stlth+}
  4073 | D:4      | Identified the +1 scale mail of Patterns {Int+8 Dex+2
                  | Slay+3}
  4075 | D:4      | Found a runed translucent gate.
  4075 | D:4      | Noticed lapinsky's ghost (amateur HOFi)
  4079 | D:4      | Found a runed translucent gate.
  4080 | D:4      | Found a runed translucent gate.
  4090 | D:4      | Found a roughly hewn altar of Beogh.
  4097 | D:4      | You fall through a shaft!
  4097 | D:5      | Entered Level 5 of the Dungeon
  4272 | D:5      | Reached skill level 5 in Necromancy
  4295 | D:5      | Found a staircase to the Ecumenical Temple.
  4314 | D:5      | Noticed a phantom
  4317 | D:5      | Reached skill level 1 in Maces & Flails
  4317 | D:5      | Reached XP level 7. HP: 37/38 MP: 13/13
  4337 | D:5      | Found a sand-covered staircase.
  4358 | Ossuary  | Entered an ossuary
  4772 | Ossuary  | Noticed Menkaure
  4832 | Ossuary  | Slain by Menkaure

Skill      XL: |  1  2  3  4  5  6  7 |
---------------+----------------------+-----
Necromancy     | 4 5 |  5.0
Spellcasting   | 3 4 |  4.5
Fighting       | 1 |  1.6
Maces & Flails | 1 2 |  2.5
Dodging        | 2 |  2.1
Stealth        | 3 |  3.1

Action                   |  1- 3 |  4- 6 |  7- 9 || total
-------------------------+-------+-------+-------++-------
Melee: Unarmed           |    24 |     2 |       ||    26
       Whip              |       |   140 |   193 ||   333
 Cast: Pain              |    66 |    71 |       ||   137
       Animate Skeleton  |     2 |     8 |       ||    10
       Vampiric Draining |       |     1 |       ||     1
  Use: Scroll            |     3 |     5 |       ||     8
       Potion            |     2 |     5 |     1 ||     8
 Stab: Sleeping          |       |     1 |    12 ||    13
  Eat: Ration            |     1 |     2 |       ||     3
       Chunk             |     1 |     3 |       ||     4
Armor: Robe              |     9 |    41 |    51 ||   101
       Skin              |       |    10 |       ||    10
Dodge: Dodged            |    26 |    92 |   107 ||   225
